 Dungeon Crawl Stone Soup version 0.17.0-26-gececa24 (console) character file.

111 gw the Chopper (level 4, -1/40 HPs)
             Began as a Hill Orc Gladiator on Nov 20, 2015.
             Slain by Crazy Yiuf
             ... wielding a +4 quarterstaff of chaos
              (17 damage)
             ... on level 3 of the Dungeon.
             The game lasted 00:01:54 (2134 turns).

gw the Chopper (Hill Orc Gladiator)                 Turns: 2134, Time: 00:01:55

Health: -1/40      AC: 11    Str: 17    XL:     4   Next: 92%
Magic:  4/4        EV: 10    Int:  8    God:
Gold:   82         SH:  0    Dex: 12    Spells: 0 memorised, 3 levels left

rFire  . . .     SeeInvis +     b - +0 hand axe (vamp)
rCold  . . .     Clarity  .     m - +0 pearl dragon armour
rNeg   + . .     SustAt   .     (no shield)
rPois  .         Gourm    .     c - +0 helmet
rElec  .         Spirit   .     (no cloak)
rCorr  .         Warding  .     (no gloves)
rMut   .         Stasis   .     (no boots)
MR     .....                    (no amulet)
Stlth  ..........               (no ring)
                                n - ring of see invisible

@: not resistant to hostile enchantments, extremely unstealthy
A: no striking features
a: no special abilities


You were on level 3 of the Dungeon.
You were not hungry.

You visited 1 branch of the dungeon, and saw 3 of its levels.

You collected 82 gold pieces.

Inventory:

Hand Weapons
 b - a +0 vampiric hand axe (weapon)
Missiles
 d - 3 throwing nets
 f - 115 stones
 j - 16 poisoned needles
 o - 8 javelins (quivered)
Armour
 c - a +0 helmet (worn)
 m - a +0 pearl dragon armour (worn)
Jewellery
 n - a ring of see invisible (left hand)
Scrolls
 i - a scroll of identify
 p - 2 scrolls of remove curse
Potions
 k - a potion of heal wounds
 l - a potion of degeneration {unknown}
Comestibles
 e - 3 bread rations
 g - a beef jerky


   Skills:
 + Level 3.7 Fighting
 * Level 5.5 Axes
 + Level 2.4 Throwing
 + Level 1.4 Armour
 - Level 2.4 Dodging


You had 3 spell levels left.
You didn't know any spells.

Dungeon Overview and Level Annotations

Branches:
Dungeon (3/15)

Altars:

Annotations:
D:3 Crazy Yiuf


Message History

You see here a mace.
ATTACKING (0,-1)
You hit Crazy Yiuf but do no damage.
Crazy Yiuf hits you with a quarterstaff of chaos!
Crazy Yiuf burns you.
ATTACKING (0,-1)
You barely miss Crazy Yiuf. Crazy Yiuf barely misses you.
ATTACKING (0,-1)
You hit Crazy Yiuf but do no damage.
Crazy Yiuf hits you with a quarterstaff of chaos.
Crazy Yiuf freezes you.
ATTACKING (0,-1)
You closely miss Crazy Yiuf.
Crazy Yiuf grits, "Cod mobile broken!"
Crazy Yiuf closely misses you.
ATTACKING (0,-1)
You hit Crazy Yiuf but do no damage.
Crazy Yiuf hits you with a quarterstaff of chaos!
Space warps horribly around you!
You die...

############
.......#
..)........#
#####
.......
############
#).)#
#......#
########
#)))#
#......#
#......# )))
#......###
#......# #g#
#.. .....#
#......#


7o77 ##.###....# #......# 77)7 #.........# #..[...# 7)77 #.........# #....).#
77)7 #.....)...# #......# 77)77 #.........# #......# 77..)7 #.........#
#......##### 7....7 #......#### ...........# #....# #......#
#####......#####..####.....[# You could see Crazy Yiuf.

Table legend:
 A = Turns spent in this place as a percentage of turns spent in the entire game.
 B = Non-inter-level travel turns spent in this place as a percentage of non-inter-level travel turns spent in the entire game.
 C = Inter-level travel turns spent in this place as a percentage of turns spent in this place.
 D = Turns resting spent in this place as a percentage of non-inter-level travel turns spent in this place.
 E = Turns spent auto-exploring this place as a percentage of non-inter-level travel turns spent in this place.
 F = Non-inter-level travel turns spent in this place divided by the number of levels of this place that you've seen.
                   A       B       C       D       E      F
               +-------+-------+-------+-------+-------+----------------------
         Total | 100.0 | 100.0 |   0.3 |   0.8 |   2.3 | 1386.0
       Dungeon | 100.0 | 100.0 |   0.3 |   0.8 |   2.3 | 1386.0
               +-------+-------+-------+-------+-------+----------------------

Table legend:
 A = Kills in this place as a percentage of kills in entire the game.
 B = Kills by you in this place as a percentage of kills by you in the entire game.
 C = Kills by friends in this place as a percentage of kills by friends in the entire game.
 D = Other kills in this place as a percentage of other kills in the entire game.
 E = Experience gained in this place as a percentage of experience gained in the entire game.
 F = Experience gained in this place divided by the number of levels of this place that you have seen.
                   A       B       C       D       E      F
               +-------+-------+-------+-------+-------+----------------------
         Total | 100.0 | 100.0 |  -nan |  -nan | 100.0 |  53.0
       Dungeon | 100.0 | 100.0 |  -nan |  -nan | 100.0 |  53.0
               +-------+-------+-------+-------+-------+----------------------

Vanquished Creatures
  Ijyb (D:2)
  3 adders
  An ooze (D:3)
  A worm (D:2)
  6 bats
  3 giant cockroaches
  8 goblins
  7 hobgoblins
  7 jackals (D:2)
  7 kobolds
  5 giant newts
  3 rats
52 creatures vanquished.

Notes
Turn   | Place    | Note
--------------------------------------------------------------
     0 | D:1      | gw the Hill Orc Gladiator began the quest for the Orb.
     0 | D:1      | Reached XP level 1. HP: 18/18 MP: 1/1
   208 | D:1      | Reached XP level 2. HP: 25/25 MP: 2/2
   844 | D:2      | Reached XP level 3. HP: 30/30 MP: 3/3
   873 | D:2      | Reached skill level 1 in Armour
   922 | D:2      | Noticed Ijyb
   962 | D:2      | Killed Ijyb
   962 | D:2      | Reached skill level 5 in Axes
  1170 | D:2      | Reached XP level 4. HP: 38/38 MP: 4/4
  2127 | D:3      | Noticed Crazy Yiuf
  2134 | D:3      | Slain by Crazy Yiuf

Action                   |  1- 3 |  4- 6 || total
-------------------------+-------+-------++-------
Melee: War axe           |    97 |    65 ||   162
       Hand axe          |       |     5 ||     5
Throw: Stone             |    40 |    66 ||   106
       Javelin           |       |     3 ||     3
  Use: Scroll            |     3 |     2 ||     5
       Potion            |     2 |     1 ||     3
  Eat: Chunk             |     1 |     3 ||     4
       Bread ration      |       |     1 ||     1

Vault maps used:
D:1:      mushboom_english_gardens
D:2:      bh_walls_and_bars, uniq_iyjb
D:3:      first_bread, uniq_crazy_yiuf_cottage
